 Dungeon Crawl Stone Soup version 0.27-a0-1191-g601b473118 (webtiles) character file.

Game seed: 13569571869027497863

21 agentchuck the Changer (level 2, -3/25 HPs)
             Began as a Naga Transmuter on May 24, 2021.
             Killed from afar by Sigmund (11 damage)
             ... with a puff of flame
             ... on level 2 of the Dungeon.
             The game lasted 00:04:59 (400 turns).

agentchuck the Changer (Naga Transmuter)             Turns: 400, Time: 00:05:00

Health: -3/25      AC:  1    Str: 12    XL:     2   Next: 87%
Magic:  5/5        EV:  9    Int: 13    God:
Gold:   69         SH:  0    Dex: 11    Spells: 4/5 levels left

rFire    . . .     SeeInvis +   w - +2 short sword (venom)
rCold    . . .     Faith    .   (no shield)
rNeg     . . .     Spirit   .   a - +0 robe
rPois    +         Reflect  .   (no helmet)
rElec    .         Harm     .   (no cloak)
rCorr    .         Rampage  .   (no gloves)
Will     .....                  (no barding)
Stlth    +.........             (no amulet)
HPRegen  0.08/turn              L - ring of flight
MPRegen  0.09/turn              (no ring)

@: confused, short of breath, ambrosia-drunk, flying, very slow
A: AC +0, large, see invisible, deformed body, poison resistance, slowness 2,
spit poison 1, naga tail 1
a: Spit Poison


You were on level 2 of the Dungeon.
You visited 1 branch of the dungeon, and saw 2 of its levels.

You collected 69 gold pieces.


Innate Abilities, Weirdness & Mutations

Your serpentine skin is tough. (AC +0)
You have supernaturally acute eyesight. (SInv)
Armour fits poorly on your strangely shaped body.
Your system is resistant to poisons. (rPois)
You cover ground very slowly.
You can spit poison.
You have a snake-like lower body.


   Skills:
 - Level 1.0 Fighting
 - Level 1.5 Dodging
 - Level 3.0 Unarmed Combat
 - Level 2.0 Spellcasting
 + Level 3.3 Transmutations


You had 4 spell levels left.
You knew the following spells:

 Your Spells              Type           Power      Damage    Failure   Level
e - Beastly Appendage     Tmut           18%        N/A       7%          1

Your spell library contained the following spells:

 Spells                   Type           Power      Damage    Failure   Level
 Wereblood                Tmut           9%         N/A       10%         2
 Spider Form              Tmut/Pois      2%         N/A       36%         3
 Ice Form                 Ice/Tmut       5%         N/A       78%         4
 Hydra Form               Tmut           4%         N/A       88%         5

Inventory:

Hand Weapons
 e - a +0 hunting sling
 w - a +2 short sword of venom (weapon)
Missiles
 c - 52 stones
Armour
 a - a +0 robe (worn)
Jewellery
 L - a ring of flight (left hand)
Potions
 b - a potion of ambrosia

Dungeon Overview and Level Annotations

Branches:
Dungeon (2/15)

Altars:

Shops:
D:2 :

Annotations:
D:2 Sigmund

#..# #.# #..# #.# #..#
#.# #..# ##.## #..#
########.... #..###
#.........##
.####....####.........#
.......#.......(####..#
..####.@.######## #..#
##@## ###.)# #.#
##.#..##
#....#########.......
.@.............#<.....##
...#.######.##..........
#. #. #........<...# #
####........##
#.#.....###


You could see Sigmund (invisible, extremely poisoned).


Message History

Ouch! That really hurt!
* * * LOW HITPOINT WARNING * * *
You feel better. Sigmund barely misses you.
Unknown command.
You closely miss Sigmund.
Sigmund is lightly wounded.
Sigmund barely misses you.
Use which ability? (? or * to list)
Press: ? - help, Shift-Dir - straight line, f/p - Sigmund
Aim: Sigmund, wielding a +0 scythe and wearing a +0 robe (lightly wounded, very poisoned)
The splash of poison misses Sigmund.
Sigmund points at himself and mumbles some strange words.
Sigmund flickers and vanishes for a moment.
You hit Sigmund.
Sigmund looks as sick as possible!
Sigmund is lightly wounded.
Sigmund hits you with a +0 scythe.
* * * LOW HITPOINT WARNING * * *
This is a scroll of acquirement!
Something appears before you! Sigmund barely misses you.
It was a potion of ambrosia.
You are confused.
You feel invigorated. Sigmund gestures at you while chanting.
The magic dart hits you.
* * * LOW HITPOINT WARNING * * *
Unknown command.
You bump into the rock wall.
Sigmund points at you and mumbles some strange words.
The puff of flame hits you!
You die...

Skill      XL: |  1  2 |
---------------+-------+-----
Transmutations | 3 |  3.3
Fighting       | |  1.0
Dodging        | |  1.5
Unarmed Combat | |  3.0
Spellcasting   | |  2.0

Action                   || total
-------------------------++-------
Melee: Short sword       ||    24
 Fire: Hunting sling     ||     9
 Abil: Spit Poison       ||    13
  Use: Potion            ||     3
       Scroll            ||     1
 Stab: Sleeping          ||     1
Armor: Robe              ||     2
Dodge: Dodged            ||    12

Levels and vault maps discovered:
D:1:      lemuel_arrival_funnel, layout_basic, basic_ecumenical_altar
D:2:      layout_loops_ring, serial_shops, shop, minmay_tripent, uniq_sigmund

Notes
Turn   | Place    | Note
-------+----------+-------------------------------------------
     0 | D:1      | agentchuck the Naga Transmuter began the quest for the Orb.
     0 | D:1      | Reached XP level 1. HP: 18/18 MP: 3/3
    36 | D:1      | Found a faded altar of an unknown god.
   198 | D:2      | Reached XP level 2. HP: 25/25 MP: 5/5
   264 | D:2      | Reached skill level 3 in Transmutations
   273 | D:2      | Found Fohyhoxe's Book Shop.
   383 | D:2      | Noticed Sigmund
   398 | D:2      | Identified a scroll of acquirement
   398 | D:2      | Acquired the +2 barding "Qymn" {rC+}
   400 | D:2      | Killed from afar by Sigmund

Vanquished Creatures
  A dart slug (D:2)
  A ball python (D:2)
  3 endoplasms (D:2)
  2 giant cockroaches (D:2)
  A hobgoblin (D:1)
  A quokka (D:2)
  A bat (D:2)
  3 frilled lizards
  A goblin (D:2)
  5 kobolds
19 creatures vanquished.

Table legend: (Time is in decaauts)
 A = Elapsed time spent in this place.
 B = Non-inter-level travel time spent in this place.
 C = Inter-level travel time spent in this place.
 D = Time resting spent in this place.
 E = Time spent auto-exploring this place.
 F = Levels seen in this place.
 G = Mean time per level.
                   A        B        C        D        E       F      G
               +--------+--------+--------+--------+--------+-----+--------+
         Total |    520 |    520 |      0 |      0 |      0 |   2 |  260.0 |
       Dungeon |    520 |    520 |      0 |      0 |      0 |   2 |  260.0 |
               +--------+--------+--------+--------+--------+-----+--------+

Top non-repeatable levels by time:
     D:2: 352 daAuts
     D:1: 168 daAuts

Table legend:
 A = Non-vault XP
 B = Vault XP
 C = Vault XP percentage of total XP
 D = Non-vault monster count
 E = Vault monster count
 F = Vault count percentage of total count
                 A         B        C        D         E       F
            +---------+---------+-------+---------+---------+-------
      Total |      29 |       2 |   6.5 |      18 |       1 |   5.3
            +---------+---------+-------+---------+---------+-------
        D:1 |       5 |       0 |   0.0 |       4 |       0 |   0.0
        D:2 |      24 |       2 |   7.7 |      14 |       1 |   6.7
            +---------+---------+-------+---------+---------+-------
